 Dungeon Crawl Stone Soup version 0.26-a0-1205-g4083c211ab (webtiles) character file.

Game seed: 2728492107104405873

6401 snetch the Protected (level 10, 0/90 HPs)
             Began as a Minotaur Berserker on Dec 22, 2020.
             Was a High Priest of Trog.
             Slain by a vampire (5 damage)
             ... on level 9 of the Dungeon on Dec 29, 2020.
             The game lasted 00:37:08 (7990 turns).

snetch the Protected (Minotaur Berserker)           Turns: 7990, Time: 00:37:09

Health: 0/90       AC: 16    Str: 26    XL:     10   Next: 66%
Magic:  9/9        EV:  9    Int:  4    God:    Trog [*****.]
Gold:   507        SH: 11    Dex:  9    Spells: 9/9 levels left

rFire    . . .     SeeInvis .   a - +3 hand axe
rCold    + . .     Faith    .   G - +0 kite shield
rNeg     + . .     Spirit   .   l - +0 chain mail
rPois    .         Reflect  .   (helmet restricted)
rElec    .         Harm     .   S - +0 cloak
rCorr    .         Rampage  .   i - +1 pair of gloves
Will     .....                  V - +0 pair of boots
Stlth    ..........             J - amulet of regeneration
HPRegen  0.65/turn              n - ring of positive energy
MPRegen  0.11/turn              m - ring of protection from cold

@: berserk cooldown, slowed, very slow
A: retaliatory headbutt, horns 2
a: Renounce Religion, Berserk, Trog's Hand, Brothers in Arms


You were on level 9 of the Dungeon.
You worshipped Trog.
Trog was extremely pleased with you.
You visited 2 branches of the dungeon, and saw 10 of its levels.

You collected 549 gold pieces.
You spent 42 gold pieces at shops.

Inventory:

Hand Weapons
 a - a +3 hand axe (weapon)
 b - a +4 mace of holy wrath
 c - a +3 trident
 d - a +1 morningstar of flaming
 e - a +3 halberd
Missiles
 g - 111 arrows
 j - 40 sling bullets
 p - 7 javelins
 q - a throwing net
 v - 22 bolts
 F - 5 boomerangs
 M - 37 poisoned darts (quivered)
 R - 264 stones
 U - 4 atropa-tipped darts
Armour
 i - a +1 pair of gloves (worn)
 l - a +0 chain mail (worn)
 z - a +1 leather armour of cold resistance
 G - a +0 kite shield (worn)
 S - a +0 cloak (worn)
 V - a +0 pair of boots (worn)
Jewellery
 m - a ring of protection from cold (right hand)
 n - a ring of positive energy (left hand)
 J - an amulet of regeneration (around neck)
Wands
 r - a wand of paralysis (12)
 N - a wand of random effects (19)
 Y - a wand of digging (1)
Scrolls
 o - 4 scrolls of teleportation
 u - a scroll of holy word {unknown}
 x - 3 scrolls of enchant armour {unknown}
 y - a scroll of blinking {unknown}
 B - 2 scrolls of magic mapping {unknown}
 K - 2 scrolls of fear {unknown}
 L - a scroll of enchant weapon {unknown}
 Q - 5 scrolls of remove curse
 T - 3 scrolls of fog {unknown}
 W - 5 scrolls of immolation {unknown}
Potions
 f - 2 potions of lignification {unknown}
 h - 4 potions of haste {unknown}
 k - a potion of resistance
 s - 7 potions of curing
 t - 2 potions of ambrosia
 w - a potion of mutation
 C - a potion of berserk rage {unknown}
 E - a potion of attraction {unknown}
 H - a potion of cancellation
 I - 4 potions of heal wounds {unknown}
Miscellaneous
 A - a phial of floods (inert)


   Skills:
 + Level 8.9 Fighting
 + Level 9.4(10.7) Axes
 + Level 5.9(8.4) Maces & Flails
 + Level 5.6(8.2) Polearms
 + Level 9.5 Armour
 + Level 5.7 Dodging
 - Level 0.1 Stealth
 + Level 6.7 Shields
 + Level 0.8 Evocations


You had 9 spell levels left.
You didn't know any spells.
Your spell library contained the following spells:

 Spells                   Type           Power        Failure   Level
 Animate Skeleton         Necr           0%           100%        1
 Apportation              Tloc           0%           100%        1
 Corona                   Hex            0%           100%        1
 Summon Small Mammal      Summ           0%           100%        1
 Confusing Touch          Hex            0%           100%        3
 Gell's Gravitas          Tloc           0%           100%        3
 Petrify                  Tmut/Erth      0%           100%        4
 Metabolic Englaciation   Hex/Ice        0%           100%        5
 Yara's Violent Unravell  Hex/Tmut       0%           100%        5


Dungeon Overview and Level Annotations

Branches:
Dungeon (9/15)             Temple (1/1) D:5            Lair (0/6) D:8
    Orc: D:9-12

Altars:
Ashenzari
Cheibriados
Dithmenos
Elyvilon
Fedhas
Gozag
Hepliaklqana
Kikubaaqudgha
Makhleb
Nemelex Xobeh
Okawaru
Qazlal
Ru
Sif Muna
Trog
Uskayaw
Vehumet
Wu Jian
Xom
Yredelemnul
Zin

Shops:
D:5 (   D:7 *}

Annotations:
D:6 gold behind grate


Innate Abilities, Weirdness & Mutations

You reflexively headbutt those who attack you in melee.
You have a pair of horns on your head.


Message History

You hear some strange, mumbled words.
You are more confused.
Something hits you but does no damage. Something bites you.
* * * LOW HITPOINT WARNING * * *
You can move again.
Unknown command.
You are too confused!
Unholy energy fills the air.
* * * LOW HITPOINT WARNING * * *
You miss something. Something hits you but does no damage. Something bites you.
* * * LOW HITPOINT WARNING * * *
Something draws strength from your injuries!
You feel better. Something hits you but does no damage.
Something bites you but does no damage.
You hit something. Something hits you.
* * * LOW HITPOINT WARNING * * *
Something completely misses you. Something hits you!
* * * LOW HITPOINT WARNING * * *
Something bites you.
You die...

#........
#........
#......... #..#
#.........# #..#
#.[)......# #..#
#.........# #..#
#.........# #..#
#@........# #..#
#.........#####..#
#.))....>.......)#
#.....[..######...
#........####.#
#).. .# #........#
#... .# #.####...#
#... . ..# # #...#
#... . ..# #...#
#...


There were no monsters in sight!

Vanquished Creatures
  4 skeletal warriors (D:8)
  Sigmund (D:2)
  A vampire (D:5)
  Menkaure (D:5)
  A phantom (D:9)
  An orc warrior (D:7)
  An ice beast (D:6)
  6 ogres
  3 sky beasts
  A necrophage (D:8)
  2 centaurs (D:7)
  2 big kobolds
  2 bullfrogs
  A scorpion (D:9)
  A killer bee (D:7)
  15 wights
  3 howler monkeys
  A quasit (D:7)
  2 bullfrog skeletons
  4 hounds
  2 orc priests
  A jelly (D:9)
  13 orc wizards
  A centaur skeleton (D:4)
  Jessica (D:2)
  An iguana (D:5)
  6 worker ants
  A killer bee zombie (D:7)
  A hound zombie (D:5)
  A hound skeleton (D:5)
  A mummy (D:5)
  A howler monkey zombie (D:7)
  Robin (D:2)
  19 gnolls
  9 adders
  A shadow imp (D:5)
  An ufetubus (D:7)
  An ooze (D:1)
  An adder zombie (D:6)
  An adder skeleton (D:4)
  3 dart slugs
  2 leopard geckos
  35 orcs
  5 giant cockroaches
  14 goblins
  9 hobgoblins
  9 jackals
  2 quokkas
  2 ball pythons
  8 bats
  8 frilled lizards
  2 jackal zombies (D:5)
  19 kobolds
  11 rats
246 creatures vanquished.

Vanquished Creatures (others)
  A fungus (D:8)
  A plant (D:8)
2 creatures vanquished.

Grand Total: 248 creatures vanquished

Notes
Turn   | Place    | Note
-------+----------+-------------------------------------------
     0 | D:1      | snetch the Minotaur Berserker began the quest for the Orb.
     0 | D:1      | Reached XP level 1. HP: 19/19 MP: 0/0
   117 | D:1      | Reached XP level 2. HP: 25/27 MP: 1/1
   195 | D:2      | Noticed Jessica
   201 | D:2      | Killed Jessica
   202 | D:2      | Reached XP level 3. HP: 34/34 MP: 2/2
   208 | D:2      | Found a shimmering blue altar of Sif Muna.
   373 | D:1      | Reached ** piety under Trog
   835 | D:1      | Reached XP level 4. HP: 41/41 MP: 3/3
  1127 | D:3      | Found an ornate altar of the Wu Jian Council.
  1189 | D:3      | Noticed a bullfrog
  1197 | D:3      | Killed a bullfrog
  1198 | D:3      | Reached skill level 5 in Axes
  1198 | D:3      | Reached XP level 5. HP: 46/47 MP: 4/4
  1391 | D:2      | Noticed Sigmund
  1397 | D:2      | Noticed Robin
  1403 | D:2      | Killed Sigmund
  1404 | D:2      | Reached skill level 5 in Fighting
  1404 | D:2      | Reached skill level 1 in Maces & Flails
  1404 | D:2      | Reached XP level 6. HP: 56/56 MP: 5/5
  1405 | D:2      | Reached *** piety under Trog
  1419 | D:2      | Killed Robin
  2207 | D:5      | Entered Level 5 of the Dungeon
  2207 | D:5      | Found a transporter.
  2207 | D:5      | Found an ancient bone altar of Kikubaaqudgha.
  2279 | D:5      | Noticed a sky beast
  2280 | D:5      | Found a transporter.
  2306 | D:5      | Killed a sky beast
  2307 | D:5      | Reached XP level 7. HP: 43/61 MP: 6/6
  2413 | D:4      | Found a blossoming altar of Fedhas.
  2510 | D:5      | Noticed a vampire
  2551 | D:5      | Found Afyv Kaa's Weapon Boutique.
  2703 | D:4      | Reached skill level 5 in Armour
  3374 | D:6      | Reached XP level 8. HP: 71/71 MP: 7/7
  3429 | D:5      | Found an iron altar of Okawaru.
  3493 | D:5      | Reached **** piety under Trog
  3605 | D:5      | Found a shadowy altar of Dithmenos.
  3628 | D:5      | Found a basalt altar of Yredelemnul.
  3630 | D:5      | Noticed Menkaure
  3637 | D:5      | Found a staircase to the Ecumenical Temple.
  3653 | Temple   | Entered the Ecumenical Temple
  4175 | D:7      | Reached skill level 5 in Maces & Flails
  4221 | D:7      | Reached skill level 1 in Shields
  4309 | D:6      | Found a snail-covered altar of Cheibriados.
  4332 | D:6      | Found a glowing silver altar of Zin.
  4366 | D:6      | Found an opulent altar of Gozag.
  4408 | D:6      | Found a stormy altar of Qazlal.
  4585 | D:6      | Found a shimmering altar of Xom.
  5035 | D:7      | Reached skill level 5 in Dodging
  5150 | D:7      | Reached XP level 9. HP: 79/79 MP: 8/8
  5335 | D:7      | Found Yntogeky's Gadget Emporium.
  5490 | D:7      | Reached skill level 1 in Polearms
  5567 | D:7      | Found Sefuase's General Store.
  5597 | D:7      | Bought a potion of curing for 42 gold pieces
  5886 | D:7      | Reached ***** piety under Trog
  6244 | D:5      | Killed Menkaure
  6251 | D:5      | Reached skill level 5 in Shields
  6407 | D:8      | Found a sacrificial altar of Ru.
  6462 | D:8      | Noticed a skeletal warrior
  6463 | D:8      | Noticed a skeletal warrior
  6489 | D:8      | Killed a skeletal warrior
  6490 | D:8      | Reached skill level 5 in Polearms
  6549 | D:8      | Killed a skeletal warrior
  6550 | D:8      | Reached XP level 10. HP: 28/88 MP: 9/9
  6660 | D:8      | Noticed a skeletal warrior
  6676 | D:8      | Killed a skeletal warrior
  6678 | D:8      | Noticed a skeletal warrior
  6702 | D:8      | Killed a skeletal warrior
  7030 | D:9      | Found a bloodstained altar of Trog.
  7220 | D:8      | Upgraded the game from 0.26-a0-1147-g3780a7a11b to
                  | 0.26-a0-1205-g4083c211ab
  7235 | D:8      | Found a staircase to the Lair.
  7292 | D:8      | Found a shadowy altar of Dithmenos.
  7990 | D:9      | Slain by a vampire

Illustrated notes

Levels and vault maps discovered:
D:1:      minmay_arrival_stone_box, layout_basic
D:2:      layout_basic, lemuel_round_altar, uniq_robin, uniq_jessica,
          uniq_sigmund
D:3:      layout_basic, lemuel_round_altar
D:4:      layout_loops_ring, chequers_hall_statues_corner_a,
          fedhas_ov_isle_minmay
D:5:      layout_cave_pools, gammafunk_temple_of_torment,
          general_overflow_altar, minmay_temple_entry_arrows, basic_altar,
          serial_shops, nicolae_shop_behind_doors
D:6:      layout_rooms, pdpol_temple_overflow_zin_treasury_gozag_greed,
          kennysheep_little_box, overflow_temple_1_default,
          nicolae_overflow_crystal_walls
D:7:      minmay_flawed_box, layout_cave_pods, serial_shops, shop, shop,
          minivault_24, dk_noncrumbling_2, st_stairs_13, uniq_menkaure
D:8:      layout_layer_cave, nicolae_ru_awakened_eye, dpeg_oklobed_lair,
          basic_altar, roderic_lattice_a, grunt_ministairs_6, st_stairs_2
D:9:      layout_long_grid, old_standard_altar, overflow_temple_1_default,
          basic_altar, okawaru_gym_becter, uniq_psyche, uniq_harold
Temple:   compressed_dpeg_triangle_lava_temple

Skill      XL: |  1  2  3  4  5  6  7  8  9 10 |
---------------+-------------------------------+-----
Axes           | 4 5 6 7 8 9 |  9.4
Fighting       | 4 5 6 7 8 |  8.9
Armour         | 3 4 5 6 8 9 |  9.5
Maces & Flails | 1 2 4 5 |  5.9
Dodging        | 3 5 |  5.7
Shields        | 4 5 6 |  6.7
Polearms       | 5 |  5.6
Stealth        | |  0.1
Evocations     | |  0.8

Action                   |  1- 3 |  4- 6 |  7- 9 | 10-12 || total
-------------------------+-------+-------+-------+-------++-------
Melee: Hand axe          |    59 |    40 |    71 |   137 ||   307
       Headbutt          |    11 |    20 |    59 |    29 ||   119
       Whip              |       |   113 |    44 |       ||   157
       Rapier            |       |       |   133 |       ||   133
       Trident           |       |       |   132 |       ||   132
       Mace              |       |       |     7 |    19 ||    26
Invok: Berserk           |       |     1 |     8 |     2 ||    11
       Trog's Hand       |       |     1 |     3 |     1 ||     5
Evoke: Phial of floods   |       |       |       |     1 ||     1
  Use: Scroll            |       |       |    10 |     1 ||    11
       Potion            |       |       |       |     1 ||     1
Armor: Animal skin       |    14 |       |       |       ||    14
       Ring mail         |     5 |       |       |       ||     5
       Chain mail        |       |    82 |   149 |    58 ||   289
       Leather armour    |       |       |    48 |       ||    48
Dodge: Dodged            |    32 |    75 |   159 |    44 ||   310
Block: Kite shield       |       |       |   185 |    60 ||   245

Table legend: (Time is in decaauts)
 A = Elapsed time spent in this place.
 B = Non-inter-level travel time spent in this place.
 C = Inter-level travel time spent in this place.
 D = Time resting spent in this place.
 E = Time spent auto-exploring this place.
 F = Levels seen in this place.
 G = Mean time per level.
                   A        B        C        D        E       F      G
               +--------+--------+--------+--------+--------+-----+--------+
         Total |   8117 |   7639 |    478 |    171 |   4212 |  10 |  811.7 |
       Dungeon |   7799 |   7342 |    457 |    171 |   4147 |   9 |  866.6 |
        Temple |    318 |    297 |     21 |      0 |     65 |   1 |  318.0 |
               +--------+--------+--------+--------+--------+-----+--------+

Top non-repeatable levels by time:
     D:7: 1495 daAuts
     D:8: 1353 daAuts
     D:6: 879 daAuts
     D:4: 871 daAuts
     D:1: 828 daAuts
     D:5: 818 daAuts
     D:2: 709 daAuts
     D:3: 692 daAuts
  Temple: 318 daAuts
     D:9: 150 daAuts
